 Dungeon Crawl Stone Soup version 0.31-a0-222-gefeffbb62a (webtiles) character file.

Game seed: 12751610235058009545

135 RepHenryClay the Magician (level 5, -1/35 HPs)
             Began as a Djinni Earth Elementalist on July 6, 2023.
             Slain by a gnoll
             ... wielding a +0 flail
              (8 damage)
             ... on level 3 of the Dungeon.
             The game lasted 00:02:15 (1575 turns).

RepHenryClay the Magician (DjEE)                    Turns: 1575, Time: 00:02:16

Health: -1/35      AC:  2    Str:  7    XL:     5   Next: 41%
Gold:   139        EV: 12    Int: 18    God:
                   SH:  0    Dex: 14

rFire   + + .        j - staff of cold
rCold   . . .        (no shield)
rNeg    . . .        a - +0 robe
rPois   ∞            (no helmet)
rElec   .            (no cloak)
rCorr   .            (no gloves)
SInv    .            (boots unavailable)
Will    .....        (no amulet)
Stlth   ++           (no ring)
HPRegen 0.25/turn    (no ring)
MPRegen 0.00/turn

%: infuse magic (-2 HP)
@: flying
A: sickness immunity, fire resistance 2, cold vulnerability 1, float, innate
caster, HP casting, extra vitality 1
a: no special abilities


You were on level 3 of the Dungeon.
You visited 1 branch of the dungeon, and saw 3 of its levels.

You collected 139 gold pieces.

Inventory:

Hand Weapons
 f - a +0 dagger of venom
Missiles
 c - a throwing net
Armour
 a - a +0 robe (worn)
Magical Staves
 j - a staff of cold (weapon)
Scrolls
 b - 2 scrolls of vulnerability {unknown}
 d - a scroll of amnesia {unknown}
 e - 3 scrolls of identify {unknown}
 g - a scroll of fog {unknown}
 k - a scroll of silence {unknown}
Potions
 h - a potion of degeneration {unknown}
 i - a potion of magic {unknown}


   Skills:
 - Level 2.1 Dodging
 - Level 1.5 Stealth
 + Level 4.7 Spellcasting
 + Level 4.7 Conjurations
 + Level 4.7 Hexes
 + Level 4.7 Summonings
 + Level 4.7 Necromancy
 + Level 4.7 Translocations
 + Level 4.7 Transmutations
 + Level 4.7 Fire Magic
 + Level 4.7 Ice Magic
 + Level 4.7 Air Magic
 + Level 4.7 Earth Magic
 + Level 4.7 Poison Magic


You knew the following spells:

 Your Spells              Type           Power      Damage    Failure   Level
a - Sandblast             Erth           42%        2d11      1%          1
b - Passwall              Tmut/Erth      17%        N/A       3%          2
c - Stone Arrow           Conj/Erth      42%        3d9       6%          3
d - Petrify               Tmut/Erth      21%        N/A       21%         4
e - Slow                  Hex            84%        N/A       1%          1
f - Searing Ray           Conj           42%        2d6       3%          2
Your spell library was empty.

Dungeon Overview and Level Annotations

Branches:
Dungeon (3/15)

Altars:


Innate Abilities, Weirdness & Mutations

You are immune to sickness and miasma.
You are immune to poison.
Your flesh is very heat resistant. (rF++)
You are vulnerable to cold. (rC-)
You float through the air rather than walking.
You learn spells naturally, not from books.
Your magical power is your life essence.
You have superior vitality. (+4 MHP)


Message History

Nothing appears to happen.
The gnoll shouts!
The gnoll hits you with a +0 flail.
A jackal comes into view.
Damage: -8%(-3hp) hp: 92%(32hp) Unknown command.
The gnoll attacks as you move away! The gnoll hits you with a +0 flail.
Damage: -12%(-4hp) hp: 80%(28hp)
The gnoll attacks as you move away! The gnoll hits you with a +0 flail.
Damage: -5%(-2hp) hp: 75%(26hp)
Casting: Sandblast (safe; 1% risk of failure)
Confirm with . or Enter, or press ? or * to list all spells.
Aiming: Sandblast (safe; 1% risk of failure)
Press: ? - help, Shift-Dir - straight line, f/p - gnoll
Aim: a gnoll, wielding a +0 flail (85% to hit)
The blast of sand misses the gnoll.
The gnoll hits you with a +0 flail. The gnoll hits you with a +0 flail!
* * * LOW HITPOINT WARNING * * *
Huge Dmg: -49%(-17hp) hp: 29%(10hp)
Casting: Sandblast (safe; 1% risk of failure)
Confirm with . or Enter, or press ? or * to list all spells.
Aiming: Sandblast (safe; 1% risk of failure)
Press: ? - help, Shift-Dir - straight line, f/p - gnoll
Aim: a gnoll, wielding a +0 flail (85% to hit)
The blast of sand hits the gnoll but does no damage.
* * * LOW HITPOINT WARNING * * *
The gnoll barely misses you.
Your magical contamination has completely faded away.
Casting: Sandblast (safe; 1% risk of failure)
Confirm with . or Enter, or press ? or * to list all spells.
Aiming: Sandblast (safe; 1% risk of failure)
Press: ? - help, Shift-Dir - straight line, f/p - gnoll
Aim: a gnoll, wielding a +0 flail (85% to hit)
The blast of sand hits the gnoll!
The gnoll is severely wounded.
* * * LOW HITPOINT WARNING * * *
The gnoll hits you from afar with a +0 spear.
* * * LOW HITPOINT WARNING * * *
The gnoll barely misses you. The gnoll hits you with a +0 flail!
You die...

.......#.# ..
.......#.# ...
(.##'###.# ..#
..##.###.######
####...#h
..##..........#
##.g....g.
..#####.#.>...###
##..# ###
#.#.##....###..##
#.#........##g##
#.#.###....@gh#
#.#.# #########
#.#.# #.#.# #...#
###


You could see 3 gnolls and a jackal.

Vanquished Creatures
  A phantom (D:3)
  2 adders (D:2)
  A dart slug (D:1)
  An orc (D:3)
  4 endoplasms
  4 goblins
  5 hobgoblins (D:1)
  A jackal (D:2)
  6 kobolds
  A quokka (D:1)
  4 ball pythons
  3 bats (D:1)
  3 frilled lizards
  3 rats
39 creatures vanquished.

Notes
Turn   | Place    | Note
-------+----------+-------------------------------------------
     0 | D:1      | RepHenryClay the Djinni Earth Elementalist began the quest
                  | for the Orb.
     0 | D:1      | RepHenryClay set off with the following spells memorised:
                  | Sandblast, Passwall, Stone Arrow, Petrify.
     0 | D:1      | Reached XP level 1. HP: 15/15 MP: 0/0
   100 | D:1      | Reached XP level 2. HP: 20/21 MP: 0/0
   397 | D:1      | Reached XP level 3. HP: 13/25 MP: 0/0
   397 | D:1      | Learned a level 1 spell: Slow
   981 | D:2      | Reached XP level 4. HP: 29/31 MP: 0/0
  1419 | D:3      | Noticed a phantom
  1423 | D:3      | Killed a phantom
  1424 | D:3      | Reached XP level 5. HP: 21/35 MP: 0/0
  1424 | D:3      | Learned a level 2 spell: Searing Ray
  1575 | D:3      | Slain by a gnoll

Illustrated notes

Levels and vault maps discovered:
D:1:      dpeg_arrival_rooms_with_view, layout_basic
D:2:      layout_loops_ring, minmay_ruptured
D:3:      minmay_inner_zag, layout_basic, mainiacjoe_overflow_cross_hatched,
          nicolae_ru_great_annihilating_truth

Skill      XL: |  1  2  3  4 |
---------------+-------------+-----
Spellcasting   | 4 |  4.7
Conjurations   | 4 |  4.7
Hexes          | 4 |  4.7
Summonings     | 4 |  4.7
Necromancy     | 4 |  4.7
Translocations | 4 |  4.7
Transmutations | 4 |  4.7
Fire Magic     | 4 |  4.7
Ice Magic      | 4 |  4.7
Air Magic      | 4 |  4.7
Earth Magic    | 4 |  4.7
Poison Magic   | 4 |  4.7
Dodging        | |  2.1
Stealth        | |  1.5

Action                     |  1- 3 |  4- 6 || total
---------------------------+-------+-------++-------
  Melee: Unarmed           |     6 |       ||     6
   Cast: Sandblast         |    39 |    16 ||    55
 Armour: Robe              |     6 |     2 ||     8
  Dodge: Dodged            |    19 |     6 ||    25

Table legend: (Time is in decaauts)
 A = Elapsed time spent in this place.
 B = Non-inter-level travel time spent in this place.
 C = Inter-level travel time spent in this place.
 D = Time resting spent in this place.
 E = Time spent auto-exploring this place.
 F = Levels seen in this place.
 G = Mean time per level.
                   A        B        C        D        E       F      G
               +--------+--------+--------+--------+--------+-----+--------+
         Total |   1600 |   1560 |     40 |      0 |   1346 |   3 |  533.3 |
       Dungeon |   1600 |   1560 |     40 |      0 |   1346 |   3 |  533.3 |
               +--------+--------+--------+--------+--------+-----+--------+

Top non-repeatable levels by time:
     D:1: 833 daAuts
     D:2: 602 daAuts
     D:3: 165 daAuts
